 Dungeon Crawl Stone Soup version 0.21-a0-442-g848f44b (webtiles) character file.

32 mastercheaf21 the Charmwright (level 3, -1/27 HPs)
             Began as a Merfolk Skald on Nov 14, 2017.
             Slain by a goblin
             ... wielding a +0 dagger of electrocution
             ... led by Robin
              (8 damage)
             ... on level 2 of the Dungeon.
             The game lasted 00:05:22 (1129 turns).

mastercheaf21 the Charmwright (Merfolk Skald)       Turns: 1129, Time: 00:05:23

Health: -1/27      AC:  7    Str: 12    XL:     3   Next: 25%
Magic:  6/6        EV:  9    Int: 12    God:
Gold:   21         SH:  0    Dex: 13    Spells: 5/6 levels left

rFire    . . .     SeeInvis .   a - +0 falchion
rCold    . . .     Gourm    .   (no shield)
rNeg     . . .     Faith    .   g - +0 scale mail
rPois    .         Spirit   .   (no helmet)
rElec    .         Reflect  .   e - +0 cloak
rCorr    .         Harm     .   (no gloves)
MR       .....                  (no boots)
Stlth    ..........             (no amulet)
HPRegen  0.09/turn              (no ring)
MPRegen  0.10/turn              (no ring)

@: no status effects
A: change form in water, swift swim, stealthy swim
a: no special abilities


You were on level 2 of the Dungeon.
You were not hungry.

You visited 1 branch of the dungeon, and saw 2 of its levels.

You collected 21 gold pieces.

Inventory:

Hand Weapons
 a - a +0 falchion (weapon)
Armour
 b - a +0 leather armour
 e - a +0 cloak (worn)
 g - a +0 scale mail (worn)
Scrolls
 h - a scroll of fear {unknown}
 i - a scroll of identify {unknown}
Potions
 j - a potion of brilliance {unknown}
Books
 c - a book of Battle

   Spells                             Type                      Level
   a - Infusion                       Charms                       1
   b - Shroud of Golubria             Charms/Translocation         2
   c - Song of Slaying                Charms                       2
   d - Spectral Weapon                Hexes/Charms                 3
   e - Regeneration                   Charms/Necromancy            3
Comestibles
 d - a bread ration
 f - a royal jelly
 k - a chunk of flesh


   Skills:
 - Level 2.1 Fighting
 + Level 2.7 Long Blades
 - Level 0.8 Armour
 - Level 2.6 Dodging
 - Level 2.0 Spellcasting
 + Level 4.3 Charms


You had 5 spell levels left.
You knew the following spells:

 Your Spells              Type           Power        Failure   Level  Hunger
a - Infusion              Chrm           ##..         26%         1    ##.....


Dungeon Overview and Level Annotations

Branches:
Dungeon (2/15)

Altars:

Annotations:
D:2 Robin


Message History

You butcher the adder corpse.
k - 2 chunks of flesh Eat one of 2 chunks of flesh? (ye/n/q)
You eat one of the 2 chunks of flesh.
This raw flesh tastes terrible.
You start resting.
HP restored.
You open the door. 5 goblins, 2 hobgoblins and Robin come into view.
A goblin is wielding a dagger of electrocution.
Robin shouts!
The goblin shouts!
The hobgoblin shouts!
The goblin shouts! x3
The hobgoblin shouts!
You hear a shout!
A goblin comes into view. It is wielding a club.
Robin roars a battlecry!
The goblins go into a battle-frenzy!
Robin throws the goblin at you! The goblin hits you but does no damage.
You are electrocuted!
The goblin hits you with a dagger of electrocution.
* * * LOW HITPOINT WARNING * * *
You are electrocuted!
You die...

#+ #### ... #..
.... #.### # .....
#.#.#.###
......###g<.....#
g.gg.g'gg.@...#...
....g.###.......#
..... #.........
...g ######.###
... .# #+ #


You could see Robin, a hobgoblin and 4 goblins.

Vanquished Creatures
  An adder (D:2)
  An ooze (D:1)
  A dart slug (D:1)
  2 leopard geckos (D:1)
  A giant cockroach (D:1)
  3 goblins (D:1)
  2 hobgoblins (D:1)
  2 kobolds (D:1)
  A rat (D:1)
14 creatures vanquished.

Notes
Turn   | Place    | Note
-------+----------+-------------------------------------------
     0 | D:1      | mastercheaf21 the Merfolk Skald began the quest for the Orb.
     0 | D:1      | Reached XP level 1. HP: 16/16 MP: 3/3
    56 | D:1      | Reached XP level 2. HP: 10/22 MP: 5/5
   474 | D:1      | Reached skill level 4 in Charms
   951 | D:2      | Reached XP level 3. HP: 11/27 MP: 6/6
  1126 | D:2      | Noticed Robin
  1129 | D:2      | Slain by a goblin

Vault maps used:
D:1:      ncdulo_watergridlock
D:2:      first_bread, chequers_ecumenical_altar_simple, uniq_robin

Skill      XL: |  1  2 |
---------------+-------+-----
Charms         | 4 |  4.3
Fighting       | |  2.1
Long Blades    | |  2.7
Armour         | |  0.8
Dodging        | |  2.6
Spellcasting   | |  2.0

Action                   || total
-------------------------++-------
Melee: Falchion          ||    62
       Tailslap          ||     3
 Cast: Infusion          ||     1
  Eat: Chunk             ||     1
Armor: Leather armour    ||     5
       Scale mail        ||    21
Dodge: Dodged            ||    38
       Rpst.: Falchion   ||    17

Table legend:
 A = Spawn XP
 B = Non-spawn XP
 C = Spawn XP percentage of total XP
 D = Spawn monster count
 E = Non-spawn monster count
 F = Spawn count percentage of total count
 G = Total turns spent on level
                    A         B        C        D         E        F      G
               +---------+---------+-------+---------+---------+-------+---------
         Total |       0 |      46 |   0.0 |       0 |      14 |   0.0 |  1129
               +---------+---------+-------+---------+---------+-------+---------
           D:1 |       0 |      33 |   0.0 |       0 |      13 |   0.0 |   930
           D:2 |       0 |      13 |   0.0 |       0 |       1 |   0.0 |   199
               +---------+---------+-------+---------+---------+-------+---------
